 Dungeon Crawl Stone Soup version bcrawl-1.32 (webtiles) character file.

Game seed: 8925532880064191315

136911 RaccoonRonin the Skirmisher (level 4, 0/43 HPs)
             Began as a Naga Fighter on July 19, 2021.
             Slain by an adder (2 damage)
             ... on level 5 of the Dungeon.
             The game lasted 00:07:35 (2061 turns).

RaccoonRonin the Skirmisher (Naga Fighter)          Turns: 2061, Time: 00:07:35

Health: 0/43       AC:  5    Str: 19    XL:     4   Next: 89%
Magic:  4/4        EV:  5    Int:  8    God:
Gold:   54         SH:  9    Dex: 11    Spells: 3/3 levels left

rFire    . . .     SeeInvis +   a - +0 long sword
rCold    . . .     Gourm    .   c - +0 medium shield
rNeg     . . .     Faith    .   b - +0 scale mail
rPois    +         Spirit   .   (no helmet)
rElec    .         Reflect  .   (no cloak)
rCorr    .         Harm     .   (no gloves)
MR       .....                  (no barding)
Stlth    ..........             (no amulet)
HPRegen  0.14/turn              (no ring)
MPRegen  0.09/turn              (no ring)

@: lethally poisoned (0 -> -3), very slow
A: large, see invisible, deformed body, poison resistance, slowness 2, slow
metabolism 1, spit poison 1, AC +1
a: Spit Poison


You were on level 5 of the Dungeon.
You were not hungry.

You visited 1 branch of the dungeon, and saw 4 of its levels.

You collected 54 gold pieces.

Inventory:

Hand Weapons
 a - a +0 long sword (weapon)
Armour
 b - a +0 scale mail (worn)
 c - a +0 medium shield (worn)
Jewellery
 l - an uncursed ring of insulation {unknown}
 o - an uncursed ring of flight {unknown}
Scrolls
 g - 2 scrolls of enchant weapon {unknown}
 i - 2 scrolls of identify
 m - 2 scrolls of teleportation {unknown}
 r - a scroll of amnesia {unknown}
 s - a scroll of blinking {unknown}
Potions
 d - a potion of might
 f - a potion of heal wounds {unknown}
 h - a potion of flight {unknown}
 j - 2 potions of brilliance {unknown}
 k - 3 potions of curing {unknown}
 n - 3 potions of degeneration {unknown}
 p - a potion of ambrosia {unknown}
 q - 2 potions of mutation {unknown}
Comestibles
 e - a ration {!d}


   Skills:
 + Level 3.6 Fighting
 + Level 2.7 Long Blades
 + Level 3.0 Armour
 + Level 0.6 Dodging
 + Level 0.1 Stealth
 + Level 3.1 Shields


You had 3 spell levels left.
You didn't know any spells.
Your spell library was empty.

Dungeon Overview and Level Annotations

Branches:
Dungeon (3/12)

Altars:


Innate Abilities, Weirdness & Mutations

You cannot wear boots.
Your serpentine skin is tough. (AC +1)
You have supernaturally acute eyesight. (SInv)
Armour fits poorly on your strangely shaped body.
Your system is resistant to poisons. (rPois)
You cover ground very slowly.
You have a slow metabolism.
You can spit poison.


Message History

You block the adder's attack. The adder closely misses you.
The worker ant bites you but does no damage.
You block the adder's attack. The adder bites you.
* * * LOW HITPOINT WARNING * * *
The worker ant bites you but does no damage.
You slash the worker ant!
You kill the worker ant!
You block the adder's attack. The adder bites you but does no damage.
The adder bites you.
* * * LOW HITPOINT WARNING * * *
You are poisoned.
The adder poisons you! The adder bites you.
* * * LOW HITPOINT WARNING * * *
You block the quokka zombie's attack.
You closely miss the quokka zombie.
* * * LOW HITPOINT WARNING * * *
You feel sick. The adder bites you.
* * * LOW HITPOINT WARNING * * *
The adder bites you.
You die...

..#.......##
..........# #
#.........#.
####.......#..
##....#......####
#.....#..........
#..S..#..........
#.@Z...........#
#...S...........#
#.......###...!.....
...##.......##..##....
.. ##..........# .#. .
#..#...##.... #
#..###........ ..##
...#..##


You could see 2 adders and a quokka zombie.

Vanquished Creatures
  A worker ant (D:5)
  2 adders (D:3)
  A worm (D:2)
  3 dart slugs
  8 leopard geckos
  An orc (D:3)
  6 bats
  3 giant cockroaches
  4 goblins
  4 hobgoblins
  A jackal (D:3)
  A quokka (D:2)
  2 ball pythons
  3 frilled lizards
  4 kobolds
  5 rats
49 creatures vanquished.

Vanquished Creatures (others)
  5 toadstools (D:1)
5 creatures vanquished.

Grand Total: 54 creatures vanquished

Notes
Turn   | Place    | Note
-------+----------+-------------------------------------------
     0 | D:1      | RaccoonRonin the Naga Fighter began the quest for the Orb.
     0 | D:1      | Reached XP level 1. HP: 21/21 MP: 1/1
   221 | D:1      | Reached XP level 2. HP: 28/28 MP: 2/2
   511 | D:1      | Reached XP level 3. HP: 23/34 MP: 3/3
  1525 | D:3      | Reached XP level 4. HP: 41/42 MP: 4/4
  2033 | D:3      | You fall into a shaft and drop 2 floors!
  2033 | D:5      | Entered Level 5 of the Dungeon
  2061 | D:5      | HP: 2/43 [adder (2)]
  2061 | D:5      | Slain by an adder

Skill      XL: |  1  2  3  4 |
---------------+-------------+-----
Shields        | 3 |  3.1
Armour         | 3 |  3.0
Fighting       | |  3.6
Long Blades    | |  2.7
Dodging        | |  0.6
Stealth        | |  0.1

Action                   |  1- 3 |  4- 6 || total
-------------------------+-------+-------++-------
Melee: Long sword        |   122 |    58 ||   180
  Eat: Chunk             |     2 |       ||     2
       Ration            |     1 |     1 ||     2
Armor: Scale mail        |    97 |    46 ||   143
Dodge: Dodged            |    39 |    16 ||    55
Block: Medium shield     |   126 |    44 ||   170
